 Dungeon Crawl Stone Soup version 0.27-a0-1381-g81fdcbfb23 (webtiles) character file.

Game seed: 11655443955428218912

131 Nattfarinn the Stinger (level 5, -8/33 HPs)
             Began as an Octopode Transmuter on June 30, 2021.
             Killed from afar by Natasha (9 damage)
             ... with a magic dart
             ... on level 2 of the Dungeon.
             The game lasted 00:04:14 (2330 turns).

Nattfarinn the Stinger (Octopode Transmuter)        Turns: 2330, Time: 00:04:15

Health: -8/33      AC:  1    Str: 11    XL:     5   Next: 14%
Magic:  6/8        EV: 17    Int: 15    God:
Gold:   72         SH:  0    Dex: 12    Spells: 4/8 levels left

rFire    . . .     SeeInvis .   l - +2 dagger (elec)
rCold    . . .     Faith    .   (no shield)
rNeg     . . .     Spirit   .   (helmet restricted)
rPois    .         Reflect  .   (no amulet)
rElec    .         Harm     .   j - +4 ring of evasion
rCorr    .         Rampage  .   (no ring)
Will     .....                  (no ring)
Stlth    ++........             (no ring)
HPRegen  0.11/turn              (no ring)
MPRegen  0.11/turn              (no ring)
                                (no ring)
                                (no ring)

@: about to teleport
A: almost no armour, amphibious, 8 rings, camouflage 1, gelatinous body 1,
(nimble swimmer 1), tentacles
a: no special abilities


You were on level 2 of the Dungeon.
You visited 1 branch of the dungeon, and saw 2 of its levels.

You collected 72 gold pieces.

Inventory:

Hand Weapons
 l - a +2 dagger of electrocution (weapon)
Missiles
 h - 7 atropa-tipped darts
Jewellery
 j - a +4 ring of evasion (left tentacle)
Scrolls
 a - a scroll of silence {unknown}
 c - 2 scrolls of teleportation
 d - 2 scrolls of identify {unknown}
 e - 2 scrolls of magic mapping {unknown}
 i - a scroll of enchant armour {unknown}
 m - a scroll of brand weapon {unknown}
 n - a scroll of blinking {unknown}
Potions
 b - a potion of heal wounds {unknown}
 f - a potion of brilliance {unknown}
 g - a potion of attraction {unknown}
 k - a potion of flight {unknown}


   Skills:
 - Level 1.0 Fighting
 - Level 2.0 Dodging
 - Level 3.0 Unarmed Combat
 - Level 2.0 Spellcasting
 + Level 3.3 Transmutations
 * Level 4.5 Poison Magic


You had 4 spell levels left.
You knew the following spells:

 Your Spells              Type           Power      Damage    Failure   Level
a - Beastly Appendage     Tmut           22%        N/A       6%          1
b - Spider Form           Tmut/Pois      6%         N/A       13%         3

Your spell library contained the following spells:

 Spells                   Type           Power      Damage    Failure   Level
 Wereblood                Tmut           11%        N/A       9%          2
 Confusing Touch          Hex            1%         N/A       54%         3
 Gell's Gravitas          Tloc           0%         N/A       54%         3
 Ice Form                 Ice/Tmut       6%         N/A       75%         4
 Petrify                  Tmut/Erth      6%         N/A       75%         4
 Yara's Violent Unravell  Hex/Tmut       3%         3d4       97%         5
 Metabolic Englaciation   Hex/Ice        0%         N/A       99%         5


Dungeon Overview and Level Annotations

Branches:
Dungeon (2/15)

Altars:
Nemelex Xobeh

Annotations:
D:2 Natasha


Innate Abilities, Weirdness & Mutations

You cannot wear most types of armour.
You are amphibious.
You can wear up to eight rings at the same time.
Your skin changes colour to match your surroundings (Stealth+).
Your rubbery body absorbs attacks. (AC +1, EV +1)
((You are camouflaged near water. (Stealth+)))
You have tentacles for arms and can constrict up to eight enemies at once.


Message History

The gnoll completely misses you. The gnoll completely misses you.
The gnoll closely misses you.
You hit the gnoll but do no damage.
The gnoll is poisoned.
The gnoll barely misses you. The gnoll closely misses you.
The endoplasm jiggles.
Your transformation is almost over.
You kill the gnoll!
You have reached level 5!
You feel stronger. The gnoll completely misses you.
You hit the gnoll.
The gnoll is lightly wounded.
Natasha, Servant of Life and Death comes into view.
The gnoll completely misses you. The endoplasm completely misses you.
Natasha hisses angrily.
You hit the gnoll.
The gnoll looks even sicker.
The gnoll is severely wounded.
The gnoll hits you with a +0 halberd! The gnoll closely misses you.
The endoplasm freezes you.
You are frozen.
The gnoll hits you from afar with a +0 halberd!
* * * LOW HITPOINT WARNING * * *
As you read the scroll labelled ZOANOU PYAN, it crumbles to dust.
You feel strangely unstable.
It was a scroll of teleportation.
Your transformation has ended.
Your +2 dagger of electrocution unmelds from your body.
You hear the crackle of electricity.
The gnoll misses you.
Natasha mumbles some strange words.
Natasha's front paws start to glow.
The endoplasm freezes you.
You are frozen.
* * * LOW HITPOINT WARNING * * *
Natasha misses you. The gnoll misses you.
You kill the gnoll!
Natasha stares at you and mumbles some strange words.
The magic dart hits you!
You die...

......#######.....# ######.######
..................### ###.#
...............#....####...#
.....................##...##
.####...................#.# .#
#...................#.# .##
######..............#.####### ..#
##..................†... #.#
##....@.h....#......... #.#
#......J.....#........ #.##
#####.#.#.##gg...#........
#..#####.........##.....#........
##.#...#.........................
.................................
##..##............#####....######
.#...>...........## #.#...#
.................# #.#...##


You could see Natasha, 2 gnolls and an endoplasm.

Vanquished Creatures
  Natasha (twice) (D:2)
  2 gnolls (D:2)
  2 worms (D:2)
  6 ball pythons
  5 bats
  6 endoplasms
  3 giant cockroaches
  3 goblins
  3 hobgoblins
  6 jackals (D:2)
  5 quokkas
  7 frilled lizards
  2 kobolds (D:1)
  2 rats (D:1)
54 creatures vanquished.

Notes
Turn   | Place    | Note
-------+----------+-------------------------------------------
     0 | D:1      | Nattfarinn the Octopode Transmuter began the quest for the
                  | Orb.
     0 | D:1      | Reached XP level 1. HP: 13/13 MP: 3/3
   164 | D:1      | Reached skill level 1 in Poison Magic
   213 | D:1      | Reached XP level 2. HP: 17/18 MP: 5/5
   470 | D:1      | Reached skill level 2 in Poison Magic
  1075 | D:1      | Reached XP level 3. HP: 21/23 MP: 6/6
  1421 | D:2      | Reached skill level 3 in Poison Magic
  1470 | D:2      | Found a sparkling altar of Nemelex Xobeh.
  1744 | D:1      | Learned a level 3 spell: Spider Form
  1947 | D:2      | Noticed Natasha
  1958 | D:2      | Killed Natasha
  1959 | D:2      | Reached XP level 4. HP: 21/28 MP: 0/7
  1989 | D:2      | Noticed Natasha
  1997 | D:2      | Killed Natasha
  1998 | D:2      | Reached skill level 4 in Poison Magic
  2319 | D:2      | Reached XP level 5. HP: 25/33 MP: 5/8
  2324 | D:2      | Noticed Natasha
  2327 | D:2      | HP: 1/33 [frozen (5)]
  2330 | D:2      | Killed from afar by Natasha

Illustrated notes

Levels and vault maps discovered:
D:1:      dpeg_arrival_round_c, layout_loops_corners, dk_noncrumbling_4,
          minivault_19, minmay_misc_feat_chi
D:2:      layout_rooms, basic_altar, chequers_ecumenical_altar_simple,
          uniq_natasha

Skill      XL: |  1  2  3  4 |
---------------+-------------+-----
Poison Magic   | 1 2 3 4 |  4.5
Transmutations | 3 |  3.3
Fighting       | |  1.0
Dodging        | |  2.0
Unarmed Combat | |  3.0
Spellcasting   | |  2.0

Action                   |  1- 3 |  4- 6 || total
-------------------------+-------+-------++-------
Melee: Unarmed           |    70 |     9 ||    79
       Constrict         |    18 |     5 ||    23
       Tentacles         |    16 |     4 ||    20
       Dagger            |    29 |    15 ||    44
 Cast: Spider Form       |     1 |     2 ||     3
  Use: Scroll            |       |     1 ||     1
 Stab: Sleeping          |    10 |       ||    10
       Distracted        |     1 |       ||     1
Armor: Skin              |     9 |       ||     9
Dodge: Dodged            |    76 |    30 ||   106

Table legend: (Time is in decaauts)
 A = Elapsed time spent in this place.
 B = Non-inter-level travel time spent in this place.
 C = Inter-level travel time spent in this place.
 D = Time resting spent in this place.
 E = Time spent auto-exploring this place.
 F = Levels seen in this place.
 G = Mean time per level.
                   A        B        C        D        E       F      G
               +--------+--------+--------+--------+--------+-----+--------+
         Total |   2325 |   2161 |    164 |    385 |   1419 |   2 | 1162.5 |
       Dungeon |   2325 |   2161 |    164 |    385 |   1419 |   2 | 1162.5 |
               +--------+--------+--------+--------+--------+-----+--------+

Top non-repeatable levels by time:
     D:1: 1664 daAuts
     D:2: 661 daAuts
